 Dungeon Crawl Stone Soup version 0.30-a0-292-g0f741e3f8e (webtiles) character file.

Game seed: 15678631470595276069

873 chippings the Caller (level 8, -7/52 HPs)
             Began as a Merfolk Summoner on Oct 17, 2022.
             Was a Believer of Dithmenos.
             Killed by divine providence
             ... invoked by an orc priest
              (14 damage)
             ... on level 5 of the Dungeon.
             The game lasted 00:13:39 (4111 turns).

chippings the Caller (Merfolk Summoner)             Turns: 4111, Time: 00:13:40

Health: -7/52      AC:  3    Str:  8    XL:     8   Next: 4%
Magic:  8/15       EV: 13    Int: 16    God:    Dithmenos [**....]
Gold:   326        SH:  0    Dex: 15    Spells: 4/17 levels left

rFire   + . .      SeeInvis .    l - +1 spear (freeze)
rCold   . . .      Faith    .    (no shield)
rNeg    . . .      Spirit   .    a - +0 robe
rPois   +          Reflect  .    j - +0 helmet
rElec   .          Harm     .    (no cloak)
rCorr   .          Rampage  .    (no gloves)
Will    .....                    (no boots)
Stlth   +++.......               m - amulet of magic regeneration
HPRegen 0.28/turn                v - ring of protection from fire
MPRegen 0.54/turn                y - ring of poison resistance

@: very slightly contaminated, wreathed by umbra
A: (nimble swimmer 2), mertail
a: Renounce Religion, Shadow Step


You were on level 5 of the Dungeon.
You worshipped Dithmenos.
Dithmenos was pleased with you.
You visited 1 branch of the dungeon, and saw 5 of its levels.

You collected 326 gold pieces.

Inventory:

Hand Weapons
 l - a +1 spear of freezing (weapon)
Missiles
 p - 2 throwing nets
Armour
 a - a +0 robe (worn)
 j - a +0 helmet (worn)
Jewellery
 m - an amulet of magic regeneration (around neck)
 v - a ring of protection from fire (left hand)
 y - a ring of poison resistance (right hand)
Wands
 r - a wand of roots (8)
 w - a wand of digging (7)
Scrolls
 d - 5 scrolls of teleportation
 e - a scroll of noise
 g - 2 scrolls of enchant weapon
 k - a scroll of enchant armour
 n - a scroll of blinking
 o - a scroll of fog
 s - a scroll of fear
 t - a scroll of poison {unknown}
Potions
 b - a potion of magic
 c - 2 potions of mutation {unknown}
 f - a potion of attraction {unknown}
 h - a potion of degeneration {unknown}
 i - 2 potions of lignification {unknown}
 q - a potion of might {unknown}
 u - a potion of heal wounds {unknown}
 x - a potion of flight {unknown}
 z - a potion of invisibility {unknown}


   Skills:
 - Level 2.0 Polearms
 - Level 3.0 Dodging
 - Level 3.0 Stealth
 + Level 5.2 Spellcasting
 + Level 6.7 Summonings
 + Level 2.5 Air Magic


You had 4 spell levels left.
You knew the following spells:

 Your Spells              Type           Power      Damage    Failure   Level
a - Summon Small Mammal   Summ           100%       N/A       1%          1
b - Call Imp              Summ           25%        N/A       1%          2
c - Call Canine Familiar  Summ           25%        N/A       2%          3
d - Summon Lightning Spi  Summ/Air       19%        N/A       22%         4
e - Summon Guardian Gole  Hex/Summ       15%        N/A       11%         3

Your spell library contained the following spells:

 Spells                   Type           Power      Damage    Failure   Level
 Kindle Blastsparks       Fire/Tloc/Air  12%        2d11      32%         3
 Dazzling Flash           Conj/Hex       8%         N/A       41%         3
 Ignite Poison            Fire/Tmut/Pois 4%         N/A       41%         3
 Silence                  Hex/Air        4%         N/A       94%         5
 Freezing Cloud           Conj/Ice/Air   3%         6-21      96%         5
 Agony                    Necr           4%         N/A       99%         5


Dungeon Overview and Level Annotations

Branches:
Dungeon (5/15)
 Temple: D:4-7

Altars:
Cheibriados
Dithmenos
Trog
Zin
The Shining One

Shops:
D:3 (   D:4 :

Annotations:
D:5 1 transporter, Duvessa


Innate Abilities, Weirdness & Mutations

((You are very nimble when in or above water. (Stealth+, EV+, Speed+++)))
Your lower body shifts to a powerful aquatic tail in water.


Message History

You are too injured to fight recklessly!
You are too injured to fight recklessly!
You are too injured to fight recklessly!
Your hound completely misses Duvessa.
Duvessa hits your hound with a +0 short sword.
Duvessa hits your hound with a +0 short sword!!
Your hound dies!
Your hound's corpse disappears in a puff of smoke!
Casting: Call Canine Familiar (dangerous; 2% risk of failure)
Confirm with . or Enter, or press ? or * to list all spells.
Your hound barely misses Duvessa.
You barely miss Duvessa.
Duvessa is moderately wounded.
Your hound bites Duvessa.
The orc priest calls upon Beogh to heal something.
Duvessa hits you with a +0 short sword.
Your hound bites Duvessa.
You hit Duvessa but do no damage.
Duvessa is moderately wounded.
Duvessa barely misses you.
Your hound bites Duvessa.
Duvessa barely misses your hound.
Unknown command.
Casting: Call Canine Familiar (dangerous; 2% risk of failure)
Confirm with . or Enter, or press ? or * to list all spells.
You miscast Summon Guardian Golem.
You are very lightly contaminated with residual magic.
Nothing appears to happen.
Your hound barely misses Duvessa.
Duvessa closely misses your hound.
Your hound bites Duvessa but does no damage.
Casting: Summon Guardian Golem (dangerous; 11% risk of failure)
Confirm with . or Enter, or press ? or * to list all spells.
A beastly little devil appears in a puff of frigid air.
Duvessa hits your hound with a +0 short sword!!
Your hound dies!
Your hound's corpse disappears in a puff of smoke!
The orc priest mumbles some strange prayers to Beogh against you.
Beogh smites you!
* * * LOW HITPOINT WARNING * * *
The orc priest invokes the aid of Beogh against you.
Beogh smites you!
You die...

##.####.........#####...#
#.....#.........# #.#.##
#####.#.........# #.#..###
#.##'#......#####.#....###
#.##.........[....#....'..
#.####......#######....###
#.# #......# #....# #
#.####...5§.##### #.#### #
#........@e.oo..# #.# #
###############.# #.######
#.# #......§ #.###......(
#.##or..)... #.##o.......
#oo.o....... ######......
....(


You could see Duvessa (berserk, unaware, ally target), 2 orc priests and a
friendly white imp (summoned).

Vanquished Creatures
  A water moccasin (D:5)
  A scorpion (D:5)
  A hound (D:4)
  Natasha (D:3)
  3 adders
  2 worms
  A dart slug (D:2)
  An orc (D:3)
  2 bats (D:2)
  4 endoplasms
  4 hobgoblins
  2 jackals (D:5)
  2 quokkas
  3 ball pythons
  4 frilled lizards
  A goblin (D:1)
  2 kobolds
  4 rats
39 creatures vanquished.

Vanquished Creatures (collateral kills)
  An ice beast (D:5)
  A black bear (D:4)
  A scorpion (D:5)
  Dowan (D:5)
  A jelly (D:4)
  Natasha (twice) (D:3)
  4 iguanas
  6 adders
  4 worms
  A dart slug (D:4)
  10 orcs
  2 ball pythons
  2 endoplasms
  5 hobgoblins
  A jackal (D:5)
  5 bats
  2 frilled lizards (D:2)
  3 goblins
  A kobold (D:2)
  5 rats
  A spectral hobgoblin (D:3)
59 creatures vanquished.

Grand Total: 98 creatures vanquished

Notes
Turn   | Place    | Note
-------+----------+-------------------------------------------
     0 | D:1      | chippings the Merfolk Summoner began the quest for the Orb.
     0 | D:1      | Reached XP level 1. HP: 13/13 MP: 3/3
   198 | D:1      | Reached XP level 2. HP: 15/19 MP: 1/5
   384 | D:1      | Learned a level 2 spell: Call Imp
   999 | D:2      | Reached XP level 3. HP: 24/24 MP: 3/6
  1113 | D:2      | You fall into a shaft and drop 2 floors!
  1197 | D:4      | Reached XP level 4. HP: 17/30 MP: 4/8
  1298 | D:3      | Found Falaitex's Weapon Shop.
  1402 | D:3      | Learned a level 3 spell: Call Canine Familiar
  1962 | D:2      | Reached XP level 5. HP: 35/35 MP: 9/9
  2169 | D:3      | Found a glowing golden altar of the Shining One.
  2199 | D:3      | Reached skill level 5 in Summonings
  2331 | D:3      | Found a faded altar of an unknown god.
  2351 | D:3      | Prayed at the altar of an unknown god.
  2351 | D:3      | Became a worshipper of Dithmenos the Shadowed
  2351 | D:3      | Reached * piety under Dithmenos
  2483 | D:3      | Noticed Natasha
  2493 | D:3      | Killed Natasha
  2494 | D:3      | Reached skill level 1 in Polearms
  2577 | D:3      | Noticed Natasha
  2589 | D:3      | Killed Natasha
  2598 | D:3      | Noticed Natasha
  2612 | D:3      | Killed Natasha
  2747 | D:3      | Found a snail-covered altar of Cheibriados.
  2846 | D:4      | Noticed a black bear
  2859 | D:4      | Killed a black bear
  2860 | D:4      | Reached XP level 6. HP: 41/41 MP: 10/12
  3058 | D:4      | Found Dooxawk's Book Boutique.
  3072 | D:4      | Learned a level 4 spell: Summon Lightning Spire
  3131 | D:4      | Noticed a moth of wrath
  3134 | D:4      | Found a bloodstained altar of Trog.
  3235 | D:4      | Found a glowing silver altar of Zin.
  3236 | D:4      | Noticed an angel
  3288 | D:5      | Entered Level 5 of the Dungeon
  3351 | D:5      | Reached skill level 6 in Summonings
  3351 | D:5      | Reached skill level 1 in Air Magic
  3351 | D:5      | Reached XP level 7. HP: 45/46 MP: 11/13
  3371 | D:5      | Found a transporter.
  3870 | D:5      | Reached skill level 5 in Spellcasting
  3952 | D:5      | Learned a level 3 spell: Summon Guardian Golem
  4058 | D:5      | Noticed Dowan
  4059 | D:5      | Noticed Duvessa
  4067 | D:5      | Reached ** piety under Dithmenos
  4076 | D:5      | Killed Dowan
  4077 | D:5      | Reached XP level 8. HP: 26/52 MP: 9/15
  4111 | D:5      | Killed from afar by an orc priest

Illustrated notes

Levels and vault maps discovered:
D:1:      shiori_arrival_maze, layout_basic
D:2:      layout_loops_ring
D:3:      layout_basic, mainiacjoe_overflow_paths, mainiacjoe_overflow_alcove_2,
          serial_shops, nicolae_shop_behind_doors,
          dreamdust_ecumenical_altar_drowned_temple,
          chequers_serial_rivers_room_b, nicolae_elevator_lobby_asterisk,
          uniq_natasha
D:4:      layout_rooms, tgw_trog, zin_angel, serial_shops,
          nicolae_shop_hallway_plus
D:5:      gammafunk_wand_slinger, layout_basic, uniq_duvessa

Skill      XL: |  1  2  3  4  5  6  7 |
---------------+----------------------+-----
Dodging        | 3 |  3.0
Stealth        | 3 |  3.0
Spellcasting   | 3 4 5 |  5.2
Summonings     | 5 6 |  6.7
Polearms       | 2 |  2.0
Air Magic      | 1 2 |  2.5

Action                   |  1- 3 |  4- 6 |  7- 9 || total
-------------------------+-------+-------+-------++-------
Melee: Unarmed           |    15 |       |       ||    15
       Punch             |     3 |     1 |       ||     4
       Dagger            |    29 |       |       ||    29
       Hand axe          |    18 |     9 |       ||    27
       Spear             |       |    91 |    62 ||   153
 Cast: Summon Small Mamm |    22 |     9 |     5 ||    36
       Call Imp          |    10 |    15 |     7 ||    32
       Call Canine Famil |       |    18 |    14 ||    32
       Summon Guardian G |       |       |     1 ||     1
  Use: Scroll            |       |     4 |     4 ||     8
 Stab: Sleeping          |     3 |    10 |       ||    13
       Distracted        |       |     2 |       ||     2
Armor: Robe              |     6 |    11 |     7 ||    24
Dodge: Dodged            |    58 |    50 |    35 ||   143

Table legend: (Time is in decaauts)
 A = Elapsed time spent in this place.
 B = Non-inter-level travel time spent in this place.
 C = Inter-level travel time spent in this place.
 D = Time resting spent in this place.
 E = Time spent auto-exploring this place.
 F = Levels seen in this place.
 G = Mean time per level.
                   A        B        C        D        E       F      G
               +--------+--------+--------+--------+--------+-----+--------+
         Total |   4108 |   4066 |     42 |     78 |   2453 |   5 |  821.6 |
       Dungeon |   4108 |   4066 |     42 |     78 |   2453 |   5 |  821.6 |
               +--------+--------+--------+--------+--------+-----+--------+

Top non-repeatable levels by time:
     D:1: 980 daAuts
     D:3: 877 daAuts
     D:5: 822 daAuts
     D:2: 816 daAuts
     D:4: 612 daAuts
